 Dungeon Crawl Stone Soup version 0.21-a0-504-g2eda330 (webtiles) character file.

44 4thArraOfDagon the Firebug (level 3, 0/24 HPs)
             Began as a Barachi Fire Elementalist on Nov 25, 2017.
             Slain by an orc (3 damage)
             ... on level 3 of the Dungeon.
             The game lasted 00:02:11 (322 turns).

4thArraOfDagon the Firebug (BaFE)                    Turns: 322, Time: 00:02:12

Health: 0/24       AC:  3    Str:  7 (9)  XL:     3   Next: 62%
Magic:  1/6        EV: 18    Int: 15 (16) God:
Gold:   29         SH:  0    Dex: 16 (17) Spells: 3/7 levels left

rFire    + + .     SeeInvis .   e - +0 flail
rCold    . . .     Gourm    .   (no shield)
rNeg     . . .     Faith    .   a - +0 robe
rPois    +         Spirit   .   d - +0 helmet
rElec    +         Reflect  .   (no cloak)
rCorr    +         Harm     .   (no gloves)
MR       .....                  (no boots)
Stlth    +++.......             (no amulet)
HPRegen  0.08/turn              j - ring of fire
MPRegen  0.10/turn              (no ring)

@: agile, resistant, can't hop, slow
A: +LOS, swims, slowness 1, strong legs 1
a: Hop


You were on level 3 of the Dungeon.
You were not hungry.

You visited 1 branch of the dungeon, and saw 3 of its levels.

You collected 29 gold pieces.

Inventory:

Hand Weapons
 e - a +0 flail (weapon)
Armour
 a - a +0 robe (worn)
 d - a +0 helmet (worn)
Jewellery
 j - a ring of fire (left hand)
Scrolls
 f - a scroll of remove curse
Books
 b - a book of Flames

   Spells                             Type                      Level
   a - Flame Tongue                   Conjuration/Fire             1
   b - Throw Flame                    Conjuration/Fire             2
   c - Conjure Flame                  Conjuration/Fire             3
   d - Inner Flame                    Hexes/Fire                   3
   e - Sticky Flame                   Conjuration/Fire             4
   f - Fireball                       Conjuration/Fire             5
Comestibles
 c - 2 bread rations


   Skills:
 - Level 2.1 Dodging
 - Level 1.7 Stealth
 + Level 2.6 Spellcasting
 * Level 2.4 Conjurations
 * Level 4.0 Fire Magic


You had 3 spell levels left.
You knew the following spells:

 Your Spells              Type           Power        Failure   Level  Hunger
a - Flame Tongue          Conj/Fire      ###..        5%          1    #......
b - Conjure Flame         Conj/Fire      ###.....     16%         3    ###....


Dungeon Overview and Level Annotations

Branches:
Dungeon (3/15)

Altars:

Annotations:
D:3 4thArraOfDagon's ghost, weakling BaFE


Innate Abilities, Weirdness & Mutations

Shadows flee at your approach. (+LOS)
You can swim through water.
You cover ground slowly.
You can hop short distances.


Message History

Unknown command.
You aren't carrying any potions.
Okay, then.
You hit the orc wizard.
The orc wizard is heavily wounded.
The orc wizard gestures at you while chanting.
The puff of flame misses you.
Unknown command.
Unknown command.
Unknown command.
Unknown command.
Unknown command.
Unknown command.
Unknown command.
Unknown command.
Unknown command.
Unknown command.
Unknown command.
The orc hits you.
You die...

#..............W.....
#... ####.........####
#.#. ###...#>oo#
........... #...##o##
#########o# ##.###.#
#.# #.###W## #r#
#......# #.#
#####o############ #S#
#.W.o@.......# #.#
############.#######†#
#...†.)...#
###########


You could see an orc wizard, 4thArraOfDagon's ghost and an orc.

Vanquished Creatures
  3 adders (D:3)
  A leopard gecko (D:1)
  An orc (D:3)
  A ball python (D:2)
  3 bats
  A goblin (D:1)
  A hobgoblin (D:1)
  6 rats
17 creatures vanquished.

Notes
Turn   | Place    | Note
-------+----------+-------------------------------------------
     0 | D:1      | 4thArraOfDagon the Barachi Fire Elementalist began the quest for the Orb.
     0 | D:1      | Reached XP level 1. HP: 13/13 MP: 3/3
   163 | D:2      | Reached XP level 2. HP: 18/19 MP: 1/5
   220 | D:3      | Noticed 4thArraOfDagon's ghost (weakling BaFE)
   235 | D:3      | Reached XP level 3. HP: 19/24 MP: 2/6
   288 | D:3      | Reached skill level 4 in Fire Magic
   294 | D:3      | Learned a level 3 spell: Conjure Flame
   322 | D:3      | Slain by an orc

Vault maps used:
D:1:      lightli_arrival_quake, minmay_misc_feat_rugged
D:2:      first_bread

Skill      XL: |  1  2  3 |
---------------+----------+-----
Conjurations   | 2 |  2.4
Fire Magic     | 4 |  4.0
Dodging        | |  2.1
Stealth        | |  1.7
Spellcasting   | |  2.6

Action                   || total
-------------------------++-------
Melee: Unarmed           ||     5
       Flail             ||     3
 Cast: Flame Tongue      ||    24
 Abil: Hop               ||     2
  Use: Potion            ||     4
       Scroll            ||     1
Armor: Robe              ||     8
       Skin              ||     8
Dodge: Dodged            ||    22

Table legend:
 A = Spawn XP
 B = Non-spawn XP
 C = Spawn XP percentage of total XP
 D = Spawn monster count
 E = Non-spawn monster count
 F = Spawn count percentage of total count
 G = Total turns spent on level
                    A         B        C        D         E        F      G
               +---------+---------+-------+---------+---------+-------+---------
         Total |       0 |      64 |   0.0 |       0 |      17 |   0.0 |   322
               +---------+---------+-------+---------+---------+-------+---------
           D:1 |       0 |       8 |   0.0 |       0 |       4 |   0.0 |   146
           D:2 |       0 |       6 |   0.0 |       0 |       4 |   0.0 |    74
           D:3 |       0 |      50 |   0.0 |       0 |       9 |   0.0 |   102
               +---------+---------+-------+---------+---------+-------+---------
